[ AOE2 MATCH · #508055433 ]
UnrankedTupi vs Mongols
Player's team · WIN
Rival team · LOSS
[ REPLAY ANALYSIS · EXTRACTED FROM THE RECORDED GAME ]
Feudal
21:33
Castle
33:58
Imperial
—
| APM avg | 23.5 |
| APM peak | 47 |
| eAPM avg | 15.4 |
| Villagers / military | 86 / 1 |
Focus
⚔️ 19.3% · 🌾 80.7%
Unknown (2579) ×16 · Monk ×1
Feudal
28:16
Castle
36:51
Imperial
—
| APM avg | 49.7 |
| APM peak | 98 |
| eAPM avg | 19.5 |
| Villagers / military | 72 / 2 |
Focus
⚔️ 24.2% · 🌾 75.8%
Mangonel ×2
Match map
Initial resources + every placement click. Lines = walls · curves = elevation contours. ◆ gold · ⬟ stone · ● berries · ✦ relic · ◌ wall gap
Your base· Open — unwalled flank
Guthrie_Govan's base· Open — unwalled flank
Smoothed initial terrain · ◌ = detected wall gap · hover for details
Inputs per minute
— Jhoonas - - Guthrie_Govan
Build order — Jhoonas
First 150 of 193 actions detected
| 0:00 | Queue | Villager (Male) |
| 0:01 | Queue | Villager (Male) |
| 0:01 | Queue | Villager (Male) |
| 0:02 | Build | House |
| 0:04 | Build | House |
| 0:15 | Queue | Villager (Male) |
| 1:09 | Queue | Villager (Male) |
| 1:09 | Queue | Villager (Male) |
| 1:54 | Queue | Villager (Male) |
| 2:29 | Queue | Villager (Male) |
| 2:35 | Queue | Villager (Male) |
| 2:53 | Queue | Villager (Male) |
| 3:15 | Queue | Villager (Male) |
| 3:24 | Build | Settlement |
| 3:30 | Queue | Villager (Male) |
| 4:24 | Queue | Villager (Male) |
| 4:28 | Queue | Villager (Male) |
| 5:04 | Queue | Villager (Male) |
| 5:36 | Build | Settlement |
| 5:40 | Queue | Villager (Male) |
| 5:57 | Queue | Villager (Male) |
| 6:26 | Queue | Villager (Male) |
| 6:47 | Queue | Villager (Male) |
| 6:47 | Queue | Villager (Male) |
| 6:50 | Research | Loom |
| 7:48 | Build | Settlement |
| 8:09 | Queue | Villager (Male) |
| 8:22 | Queue | Villager (Male) |
| 8:31 | Build | Palisade Wall |
| 9:01 | Queue | Villager (Male) |
| 9:18 | Queue | Villager (Male) |
| 9:27 | Queue | Villager (Male) |
| 10:07 | Build | House |
| 10:12 | Queue | Villager (Male) |
| 10:28 | Queue | Villager (Male) |
| 11:00 | Queue | Villager (Male) |
| 11:16 | Queue | Villager (Male) |
| 11:42 | Queue | Villager (Male) |
| 12:10 | Queue | Villager (Male) |
| 12:29 | Queue | Villager (Male) |
| 12:38 | Queue | Villager (Male) |
| 13:08 | Queue | Villager (Male) |
| 13:19 | Queue | Villager (Male) |
| 13:28 | Build | House |
| 14:26 | Queue | Villager (Male) |
| 14:38 | Build | House |
| 14:50 | Queue | Villager (Male) |
| 15:12 | Queue | Villager (Male) |
| 15:25 | Queue | Villager (Male) |
| 15:47 | Build | Farm |
| 16:07 | Build | Farm |
| 16:12 | Queue | Villager (Male) |
| 16:16 | Build | Farm |
| 16:26 | Queue | Villager (Male) |
| 16:58 | Build | Settlement |
| 17:00 | Queue | Villager (Male) |
| 17:24 | Queue | Villager (Male) |
| 17:38 | Queue | Villager (Male) |
| 17:49 | Queue | Villager (Male) |
| 18:08 | Build | Farm |
| 18:10 | Queue | Villager (Male) |
| 18:48 | Build | Settlement |
| 18:59 | Queue | Villager (Male) |
| 19:17 | Research | Feudal Age |
| 19:48 | Queue | Villager (Male) |
| 19:50 | Queue | Villager (Male) |
| 20:09 | Build | Farm |
| 20:11 | Build | Farm |
| 20:19 | Build | Farm |
| 20:30 | Build | Farm |
| 20:48 | Build | House |
| 21:11 | Build | Outpost |
| 21:33 | Age | Feudal Age |
| 21:37 | Build | Watch Tower |
| 21:41 | Build | Blacksmith |
| 21:59 | Queue | Villager (Male) |
| 22:06 | Research | Double-Bit Axe |
| 22:32 | Queue | Villager (Male) |
| 22:45 | Build | Watch Tower |
| 22:50 | Queue | Villager (Male) |
| 23:11 | Queue | Villager (Male) |
| 23:30 | Build | Watch Tower |
| 23:54 | Queue | Villager (Male) |
| 24:11 | Queue | Villager (Male) |
| 24:28 | Queue | Villager (Male) |
| 24:37 | Build | Watch Tower |
| 24:41 | Queue | Villager (Male) |
| 24:45 | Queue | Villager (Male) |
| 24:58 | Build | Farm |
| 25:02 | Queue | Villager (Male) |
| 25:06 | Build | Farm |
| 25:08 | Build | Farm |
| 25:10 | Research | Horse Collar |
| 25:24 | Queue | Villager (Male) |
| 25:33 | Build | Watch Tower |
| 25:43 | Queue | Villager (Male) |
| 25:46 | Build | Farm |
| 25:59 | Build | Farm |
| 26:13 | Queue | Villager (Male) |
| 26:19 | Build | Watch Tower |
| 26:23 | Queue | Villager (Male) |
| 26:28 | Build | Farm |
| 26:31 | Build | Farm |
| 26:37 | Build | Farm |
| 26:53 | Research | Stone Mining |
| 27:26 | Queue | Villager (Male) |
| 27:39 | Build | Settlement |
| 28:06 | Build | Watch Tower |
| 28:11 | Queue | Villager (Male) |
| 28:23 | Queue | Villager (Male) |
| 29:00 | Build | Watch Tower |
| 29:10 | Queue | Villager (Male) |
| 29:19 | Build | Market |
| 29:21 | Queue | Villager (Male) |
| 29:56 | Queue | Villager (Male) |
| 30:16 | Queue | Villager (Male) |
| 30:37 | Build | Settlement |
| 30:49 | Build | Watch Tower |
| 30:59 | Build | Settlement |
| 31:18 | Research | Castle Age |
| 31:31 | Build | Settlement |
| 31:43 | Research | Town Watch |
| 32:00 | Build | Settlement |
| 32:17 | Build | Farm |
| 32:35 | Build | Farm |
| 32:36 | Build | Farm |
| 32:37 | Build | Farm |
| 32:39 | Build | Settlement |
| 33:01 | Build | Outpost |
| 33:09 | Build | Outpost |
| 33:22 | Queue | Villager (Male) |
| 33:23 | Queue | Villager (Male) |
| 33:29 | Build | Farm |
| 33:33 | Build | Outpost |
| 33:57 | Build | Settlement |
| 33:58 | Age | Castle Age |
| 34:08 | Build | Castle |
| 34:31 | Queue | Villager (Male) |
| 34:35 | Research | Fletching |
| 34:44 | Research | Bow Saw |
| 34:45 | Research | Gold Mining |
| 34:53 | Build | Monastery |
| 35:12 | Build | Town Center |
| 35:17 | Build | Settlement |
| 35:18 | Queue | Unit 2579 |
| 35:19 | Queue | Unit 2579 |
| 35:20 | Research | Bodkin Arrow |
| 35:28 | Queue | Monk |
| 35:31 | Queue | Villager (Male) |
| 35:34 | Research | Wheelbarrow |
Build order — Guthrie_Govan
143 actions detected in the replay
| 0:00 | Queue | Villager (Male) |
| 0:01 | Queue | Villager (Male) |
| 0:01 | Queue | Villager (Male) |
| 0:02 | Build | House |
| 0:03 | Build | House |
| 0:07 | Queue | Villager (Male) |
| 1:39 | Queue | Villager (Male) |
| 2:01 | Build | Lumber Camp |
| 2:07 | Queue | Villager (Male) |
| 2:07 | Queue | Villager (Male) |
| 2:29 | Queue | Villager (Male) |
| 3:01 | Build | House |
| 3:12 | Queue | Villager (Male) |
| 3:24 | Queue | Villager (Male) |
| 3:29 | Queue | Villager (Male) |
| 3:46 | Queue | Villager (Male) |
| 4:07 | Build | House |
| 4:08 | Build | House |
| 4:23 | Queue | Villager (Male) |
| 4:33 | Queue | Villager (Male) |
| 5:03 | Queue | Villager (Male) |
| 5:17 | Build | Mill |
| 5:31 | Queue | Villager (Male) |
| 6:18 | Research | Loom |
| 6:19 | Research | Loom |
| 7:19 | Build | Town Center |
| 7:39 | Build | Palisade Wall |
| 8:10 | Queue | Villager (Male) |
| 8:10 | Queue | Villager (Male) |
| 8:11 | Queue | Villager (Male) |
| 8:11 | Queue | Villager (Male) |
| 8:28 | Queue | Villager (Male) |
| 8:28 | Queue | Villager (Male) |
| 9:43 | Build | House |
| 9:46 | Build | House |
| 9:49 | Queue | Villager (Male) |
| 11:03 | Queue | Villager (Male) |
| 11:03 | Queue | Villager (Male) |
| 12:06 | Queue | Villager (Male) |
| 12:40 | Queue | Villager (Male) |
| 13:23 | Queue | Villager (Male) |
| 13:24 | Queue | Villager (Male) |
| 13:33 | Build | House |
| 13:35 | Queue | Villager (Male) |
| 13:35 | Queue | Villager (Male) |
| 14:07 | Queue | Villager (Male) |
| 14:07 | Queue | Villager (Male) |
| 14:36 | Queue | Villager (Male) |
| 14:36 | Queue | Villager (Male) |
| 14:56 | Queue | Villager (Male) |
| 15:02 | Build | House |
| 15:35 | Queue | Villager (Male) |
| 15:35 | Queue | Villager (Male) |
| 16:02 | Queue | Villager (Male) |
| 16:37 | Queue | Villager (Male) |
| 16:37 | Queue | Villager (Male) |
| 17:33 | Queue | Villager (Male) |
| 17:33 | Queue | Villager (Male) |
| 17:45 | Build | House |
| 18:21 | Queue | Villager (Male) |
| 18:57 | Queue | Villager (Male) |
| 18:57 | Queue | Villager (Male) |
| 19:44 | Queue | Villager (Male) |
| 19:45 | Queue | Villager (Male) |
| 19:58 | Build | Lumber Camp |
| 20:15 | Queue | Villager (Male) |
| 20:16 | Queue | Villager (Male) |
| 20:33 | Queue | Villager (Male) |
| 20:33 | Queue | Villager (Male) |
| 20:41 | Build | House |
| 20:43 | Build | House |
| 21:08 | Queue | Villager (Male) |
| 21:09 | Queue | Villager (Male) |
| 21:33 | Queue | Villager (Male) |
| 21:33 | Queue | Villager (Male) |
| 22:04 | Queue | Villager (Male) |
| 22:36 | Queue | Villager (Male) |
| 22:40 | Build | House |
| 22:52 | Build | Palisade Wall |
| 22:53 | Build | Palisade Wall |
| 23:24 | Build | Palisade Wall |
| 23:26 | Build | Palisade Wall |
| 23:28 | Build | Palisade Wall |
| 23:32 | Build | Palisade Wall |
| 23:53 | Build | Mill |
| 24:35 | Queue | Villager (Male) |
| 24:42 | Build | Mill |
| 25:05 | Queue | Villager (Male) |
| 25:37 | Queue | Villager (Male) |
| 26:06 | Research | Feudal Age |
| 26:06 | Research | Feudal Age |
| 26:17 | Build | Mining Camp |
| 26:25 | Build | Outpost |
| 28:16 | Age | Feudal Age |
| 28:37 | Build | Watch Tower |
| 28:58 | Build | Watch Tower |
| 29:04 | Queue | Villager (Male) |
| 29:18 | Queue | Villager (Male) |
| 30:07 | Queue | Villager (Male) |
| 30:07 | Queue | Villager (Male) |
| 30:36 | Build | Watch Tower |
| 30:40 | Queue | Villager (Male) |
| 31:50 | Build | Town Center |
| 32:23 | Queue | Villager (Male) |
| 32:27 | Build | Market |
| 32:39 | Queue | Villager (Male) |
| 32:46 | Build | Blacksmith |
| 33:01 | Build | Mill |
| 33:17 | Build | Watch Tower |
| 33:25 | Queue | Villager (Male) |
| 33:31 | Research | Fletching |
| 33:31 | Research | Fletching |
| 33:35 | Build | Farm |
| 33:36 | Build | Farm |
| 34:11 | Research | Castle Age |
| 34:12 | Research | Castle Age |
| 34:33 | Build | Watch Tower |
| 34:39 | Build | Watch Tower |
| 34:49 | Research | Double-Bit Axe |
| 34:49 | Research | Double-Bit Axe |
| 34:50 | Research | Horse Collar |
| 34:50 | Research | Horse Collar |
| 35:04 | Build | Lumber Camp |
| 35:23 | Build | Farm |
| 35:26 | Build | Farm |
| 35:55 | Build | Mining Camp |
| 36:05 | Build | Outpost |
| 36:16 | Build | Mining Camp |
| 36:35 | Build | Barracks |
| 36:46 | Build | Watch Tower |
| 36:51 | Age | Castle Age |
| 36:58 | Build | House |
| 37:07 | Build | Siege Workshop |
| 37:11 | Build | House |
| 37:44 | Build | Lumber Camp |
| 37:47 | Queue | Mangonel |
| 37:47 | Queue | Mangonel |
| 37:48 | Queue | Villager (Male) |
| 38:06 | Queue | Villager (Male) |
| 38:51 | Queue | Villager (Male) |
| 38:56 | Build | Archery Range |
| 38:56 | Build | Archery Range |
| 39:17 | Build | Farm |
Match timeline
| 7:39 | Guthrie_Govan · wall_segment Palisade Wall x1 |
| 8:31 | Jhoonas · wall_segment Palisade Wall x1 |
| 21:33 | Jhoonas · age_up feudal |
| 22:52 | Guthrie_Govan · wall_segment Palisade Wall x1 |
| 22:53 | Guthrie_Govan · wall_segment Palisade Wall x1 |
| 23:24 | Guthrie_Govan · wall_segment Palisade Wall x1 |
| 23:26 | Guthrie_Govan · wall_segment Palisade Wall x1 |
| 23:28 | Guthrie_Govan · wall_segment Palisade Wall x1 |
| 23:32 | Guthrie_Govan · wall_segment Palisade Wall x1 |
| 28:16 | Guthrie_Govan · age_up feudal |
| 31:03 | Jhoonas · first_market_sell 100 food |
| 33:12 | Jhoonas · first_market_buy 100 stone |
| 33:29 | Guthrie_Govan · first_market_sell 100 stone |
| 33:30 | Guthrie_Govan · first_market_buy 100 food |
| 33:58 | Jhoonas · age_up castle |
| 34:08 | Jhoonas · first_building Castle |
| 34:53 | Jhoonas · first_building Monastery |
| 36:35 | Guthrie_Govan · first_building Barracks |
| 36:51 | Guthrie_Govan · age_up castle |
| 37:07 | Guthrie_Govan · first_building Siege Workshop |
| 37:33 | Jhoonas · first_building Siege Workshop |
| 38:56 | Guthrie_Govan · first_building Archery Range |
| 39:34 | Guthrie_Govan · resign |
[ AI ANALYSIS · 1 CREDIT ]
What really happened in this match?
Wolo.gg analyzes every decision: build order, eco, micro, common mistakes by bracket. Personalized analysis on WhatsApp or Discord in 30 seconds.
Civ guide
Tupi
Perfil
Jugador #22596682